 Dungeon Crawl Stone Soup version 0.31-a0-210-gccc998df9b (webtiles) character file.

Game seed: 12582757275462359256

233 qw the Chopper (level 6, 0/38 HPs)
             Began as a Gargoyle Fighter on June 29, 2023.
             Slain by an iguana (1 damage)
             ... on level 4 of the Dungeon.
             The game lasted 00:01:26 (2720 turns).

qw the Chopper (Gargoyle Fighter)                   Turns: 2720, Time: 00:01:26

Health: 0/38       AC: 15    Str: 20    XL:     6   Next: 5%
Magic:  6/6        EV:  9    Int:  8    God:
Gold:   171        SH:  4    Dex:  9    Spells: 5/5 levels left

rFire   + . .        Y - +0 war axe
rCold   . . .        c - +0 buckler
rNeg    + . .        j - +4 scale mail {rF+}
rPois   inf          (no helmet)
rElec   +            (no cloak)
rCorr   .            (no gloves)
SInv    .            (no boots)
Will    .....        (no amulet) Stlth
                     (no ring)
HPRegen 0.26/turn    (no ring)
MPRegen 0.10/turn

%: no passive effects
@: no status effects
A: sickness immunity, AC +4, negative energy resistance 1, electricity
resistance, torment resistance 1, petrification resistance, weak 1, wild magic 1
a: no special abilities


You were on level 4 of the Dungeon.
You visited 1 branch of the dungeon, and saw 4 of its levels.

You collected 171 gold pieces.


Innate Abilities, Weirdness & Mutations

You are immune to sickness and miasma.
Your stone body is resilient. (AC +4)
You are immune to poison.
You resist negative energy. (rN+)
You are resistant to electric shocks. (rElec)
You are resistant to unholy torment.
You are immune to petrification.
You are weak. (Str -2)
Your spells are a little harder to cast, but a little more powerful.


   Skills:
 - Level 4.0 Fighting
 + Level 5.0 Axes
 - Level 3.2 Armour
 - Level 1.0 Dodging
 - Level 3.2 Shields


You had 5 spell levels left.
You didn't know any spells.
Your spell library was empty.

Inventory:

Hand Weapons
 k - a +1 heavy flail
 Y - a +0 war axe (weapon)
Armour
 c - a +0 buckler (worn)
 j - a +4 scale mail of fire resistance (worn)
Jewellery
 f - a ring of ice
Scrolls
 b - a scroll of identify
Potions
 a - a potion of curing
 d - a potion of might
 e - 2 potions of mutation
 h - a potion of haste {unknown}
 l - a potion of berserk rage {unknown}
 m - 2 potions of cancellation {unknown}

Dungeon Overview and Level Annotations

Branches:
Dungeon (4/15)
 Temple: D:4-7

Altars:

Shops:
D:1 ?


Message History

You barely miss the iguana. The orc wizard closely misses you.
The iguana closely misses you.
You hit the orc wizard but do no damage.
The orc wizard is heavily wounded.
You closely miss the iguana. You block the orc wizard's attack.
A hobgoblin comes into view.
The iguana closely misses you.
The orc wizard hits you but does no damage.
You block the iguana's attack.
The hobgoblin moves out of view.
You closely miss the orc wizard.
The orc wizard is heavily wounded.
You hit the iguana but do no damage. You block the orc wizard's attack.
The iguana bites you.
You closely miss the orc wizard.
The orc wizard is heavily wounded.
The hobgoblin shouts!
You hit the iguana.
The iguana hisses menacingly.
The iguana bites you.
The orc wizard hits you but does no damage.
You slash the orc wizard!
You kill the orc wizard!
You barely miss the iguana. The iguana bites you.
Your Dodging skill increases to level 1!
You have reached level 6!
You hit the iguana but do no damage.
The iguana is lightly wounded.
The iguana bites you.
You closely miss the iguana.
The iguana is lightly wounded.
You block the iguana's attack. The iguana bites you!
You hit the iguana.
The iguana is moderately wounded.
The iguana barely misses you.
You hit the iguana.
The iguana is heavily wounded.
The iguana bites you.
You die...

.....# #.##
#....# .....
####....# .....
##..<..<.#
......
##..##....#
......
####[.########
#....####....##
#....))...####
##....)@...#
......l...##
......g.###
...>....#
.........
.........
.###......
....#.. .....
...


You could see an iguana and a hobgoblin.

Vanquished Creatures
  An iguana (D:3)
  Terence (D:2)
  An orc wizard (D:4)
  4 gnolls (D:3)
  4 adders
  A worm (D:3)
  2 dart slugs (D:1)
  5 orcs
  4 endoplasms
  3 giant cockroaches
  7 goblins
  6 hobgoblins
  3 jackals (D:3)
  9 kobolds
  4 quokkas
  4 ball pythons
  5 bats
  3 frilled lizards
  5 rats
72 creatures vanquished.

Notes
Turn   | Place    | Note
-------+----------+-------------------------------------------
     0 | D:1      | qw the Gargoyle Fighter began the quest for the Orb.
     0 | D:1      | Reached XP level 1. HP: 14/14 MP: 1/1
     0 | D:1      | 0 ||| qw: Version: 0.3-a-24-ga2abf7b
     0 | D:1      | 0 ||| qw: Game counter: 6910
     0 | D:1      | 0 ||| qw: Melee chars always use a shield: true
     0 | D:1      | 0 ||| qw: God list: Okawaru
     0 | D:1      | 0 ||| qw: Allow faded altars: false
     0 | D:1      | 0 ||| qw: Do Orc after clearing Dungeon:15 true
     0 | D:1      | 0 ||| qw: Do second Lair branch before Depths: true
     0 | D:1      | 0 ||| qw: Lair rune preference: random
     0 | D:1      | 0 ||| qw: Goals: Normal, Zot:1-4, Slime:5, God:TSO, Crypt,
                  | Tomb, Abyss, Pan, Hells, Win
     0 | D:1      | 0 ||| PLANNING D:1-11
    26 | D:1      | Reached skill level 2 in Axes
    92 | D:1      | Reached XP level 2. HP: 19/19 MP: 2/2
   112 | D:1      | 112 ||| Stepping ~*~*~tactically~*~*~ (stealth).
   114 | D:1      | 114 ||| Stepping ~*~*~tactically~*~*~ (stealth).
   115 | D:1      | 115 ||| Stepping ~*~*~tactically~*~*~ (stealth).
   132 | D:1      | Found Riejel's Magic Scroll Shop.
   160 | D:1      | 160 ||| SHOPLISTING scroll of brand weapon (104 gold, have
                  | 17).
   160 | D:1      | 160 ||| SHOPLISTING scroll of identify (22 gold, have 17).
   160 | D:1      | 160 ||| SHOPLISTING scroll of teleportation (33 gold, have
                  | 17).
   278 | D:1      | 278 ||| Stepping ~*~*~tactically~*~*~ (stealth).
   297 | D:1      | Reached skill level 3 in Axes
   329 | D:1      | 329 ||| Stepping ~*~*~tactically~*~*~ (hiding).
   339 | D:1      | Reached XP level 3. HP: 17/23 MP: 3/3
   562 | D:1      | 562 ||| Stepping ~*~*~tactically~*~*~ (hiding).
   906 | D:1      | 906 ||| READING scroll labelled MISOCI ZEILYTO.
   907 | D:1      | 907 ||| READING 2 scrolls labelled MUDUELUYRI.
   908 | D:1      | 908 ||| DROPPING scroll of fear.
   976 | D:2      | 976 ||| Stepping ~*~*~tactically~*~*~ (stealth).
  1095 | D:2      | Noticed Terence
  1096 | D:2      | 1096 ||| Stepping ~*~*~tactically~*~*~ (hiding).
  1104 | D:2      | Killed Terence
  1105 | D:2      | Reached XP level 4. HP: 21/28 MP: 4/4
  1144 | D:2      | 1144 ||| Stepping ~*~*~tactically~*~*~ (stealth).
  1181 | D:2      | Reached skill level 4 in Axes
  1698 | D:2      | 1698 ||| UPGRADING to +4 scale mail of fire resistance.
  1708 | D:2      | 1708 ||| DROPPING +0 scale mail.
  1709 | D:2      | 1709 ||| READING scroll labelled TUGEIL NUMO.
  1710 | D:2      | 1710 ||| READING scroll labelled TUSIL SAWNUEN.
  1711 | D:2      | 1711 ||| READING scroll labelled UZEAMITZYJ.
  1712 | D:2      | 1712 ||| READING 2 scrolls labelled OTYFOFR RESK.
  1713 | D:2      | 1713 ||| DROPPING scroll of amnesia.
  1823 | D:3      | Reached XP level 5. HP: 18/32 MP: 5/5
  1919 | D:3      | 1919 ||| Stepping ~*~*~tactically~*~*~ (hiding).
  2151 | D:3      | Reached skill level 5 in Axes
  2160 | D:3      | HP: 7/32 [gnoll/+0 spear (5)]
  2169 | D:3      | 2169 ||| FLEEEEING.
  2180 | D:3      | 2180 ||| FLEEEEING.
  2260 | D:3      | 2260 ||| DROPPING +0 club.
  2402 | D:3      | Noticed an ogre
  2661 | D:3      | 2661 ||| READING scroll labelled JAOMIU VIACU.
  2662 | D:3      | 2662 ||| DRINKING 3 fizzy dark potions.
  2662 | D:3      | Gained mutation: You are weak. (Str -2) [potion of
                  | mutation]
  2662 | D:3      | Gained mutation: Your spells are a little harder to cast,
                  | but a little more powerful. [potion of mutation]
  2663 | D:3      | 2663 ||| READING 3 scrolls of identify.
  2663 | D:3      | 2663 ||| IDENTIFYING cyan potion
  2664 | D:3      | 2664 ||| READING 2 scrolls of identify.
  2664 | D:3      | 2664 ||| IDENTIFYING purple potion
  2665 | D:3      | 2665 ||| DROPPING potion of degeneration.
  2682 | D:4      | 2682 ||| PLANNING OSSUARY
  2701 | D:4      | 2701 ||| Stepping ~*~*~tactically~*~*~ (hiding).
  2717 | D:4      | Reached skill level 1 in Dodging
  2717 | D:4      | Reached XP level 6. HP: 15/38 MP: 6/6
  2718 | D:4      | HP: 1/38 [iguana (10)]
  2720 | D:4      | Slain by an iguana

Levels and vault maps discovered:
D:1:      arrival_zaba_pyramid, layout_basic, serial_shops, shop
D:2:      layout_basic, uniq_terence
D:3:      layout_loops_ring, kennysheep_decorative_pillar, corner_web_ring,
          lightli_corner_chamber
D:4:      layout_rooms, elyvilon_altar_1, enter_ossuary_4, uniq_sigmund,
          uniq_crazy_yiuf_cottage

Skill      XL: |  1  2  3  4  5 |
---------------+----------------+-----
Axes           | 2 3 4 5 |  5.0
Fighting       | 4 |  4.0
Dodging        | 1 |  1.0
Armour         | |  3.2
Shields        | |  3.2

Action                     |  1- 3 |  4- 6 || total
---------------------------+-------+-------++-------
  Melee: War axe           |    84 |   145 ||   229
    Use: Scroll            |     2 |     7 ||     9
         Potion            |       |     1 ||     1
 Armour: Scale mail        |    34 |    90 ||   124
  Dodge: Dodged            |    32 |    66 ||    98
  Block: Buckler           |    11 |    34 ||    45

Table legend:
 A = Non-vault XP
 B = Vault XP
 C = Vault XP percentage of total XP
 D = Non-vault monster count
 E = Vault monster count
 F = Vault count percentage of total count
                 A         B        C        D         E       F
            +---------+---------+-------+---------+---------+-------
      Total |     298 |      36 |  10.8 |      71 |       1 |   1.4
            +---------+---------+-------+---------+---------+-------
        D:1 |      51 |       0 |   0.0 |      30 |       0 |   0.0
        D:2 |      61 |      36 |  37.1 |      15 |       1 |   6.2
        D:3 |     145 |       0 |   0.0 |      23 |       0 |   0.0
        D:4 |      41 |       0 |   0.0 |       3 |       0 |   0.0
            +---------+---------+-------+---------+---------+-------
